 Dungeon Crawl Stone Soup version 0.24-a0-445-gd5110b030a (webtiles) character file.

Game seed: 8500917685424482908

39175 Krouwed the Unseen (level 13, -17/80 HPs)
             Began as a Vampire Assassin on June 22, 2019.
             Was an Elder of Yredelemnul.
             Killed from afar by a fire dragon (22 damage)
             ... with a blast of flame
             ... on level 6 of the Lair of Beasts.
             The game lasted 01:22:56 (17829 turns).

Krouwed the Unseen (Vampire Assassin)              Turns: 17829, Time: 01:22:56

Health: -17/80     AC: 11    Str: 13    XL:     13   Next: 67%
Magic:  19/19      EV: 18    Int: 14    God:    Yredelemnul [****..]
Gold:   806        SH: 14    Dex: 22    Spells: 12/12 levels left

rFire    + . .     SeeInvis +   R - +3 rapier (elec)
rCold    + . .     Gourm    .   B - +0 shield
rNeg     + + +     Faith    .   n - +2 ring mail {MR+}
rPois    ∞         Spirit   .   y - +0 helmet
rElec    .         Reflect  +   c - +0 cloak
rCorr    .         Harm     .   t - +1 pair of gloves
MR       ++...                  (no boots)
Stlth    ++++......             i - +3 amulet of reflection
HPRegen  0.00/turn              m - ring of fire
MPRegen  0.16/turn              r - +5 ring of dexterity

@: bloodless, regenerating quickly, very slow
A: no food, fangs 3, see invisible, unbreathing
a: Bat Form, Revivify, Recall Undead Slaves, Injury Mirror, Animate Dead, Drain
Life, Renounce Religion


You were on level 6 of the Lair of Beasts.
You worshipped Yredelemnul.
Yredelemnul was greatly pleased with you.
You were bloodless.

You visited 3 branches of the dungeon, and saw 17 of its levels.

You collected 1133 gold pieces.
You spent 327 gold pieces at shops.

Inventory:

Hand Weapons
 b - the +9 dagger "Xyn Ymo" {pierce, Int+6}
   (You bought it in a shop on level 4 of the Dungeon)

   It inflicts extra damage upon your enemies.
   It affects your intelligence (+6).
 R - a +3 rapier of electrocution (weapon)
Missiles
 d - 62 poisoned darts (quivered)
 e - 7 curare-tipped darts
 I - 4 datura-tipped darts
Armour
 c - a +0 cloak (worn)
 n - a +2 ring mail of magic resistance (worn)
 t - a +1 pair of gloves (worn)
 y - a +0 helmet (worn)
 B - a +0 shield (worn)
 C - a +2 robe of magic resistance
 W - +0 acid dragon scales
Jewellery
 a - an uncursed ring of resist corrosion
 i - a +3 amulet of reflection (around neck)
 m - a ring of fire (left hand)
 r - a +5 ring of dexterity (right hand)
 s - an uncursed amulet of regeneration
 L - a cursed amulet of inaccuracy {unknown}
 S - an uncursed ring of magical power
 T - an uncursed ring of magical power
Wands
 h - a wand of enslavement (5)
 u - a wand of random effects (25)
 z - a wand of acid (1)
 J - a wand of iceblast (3)
 N - a wand of polymorph (18)
 Q - a wand of flame (14)
Scrolls
 f - 11 scrolls of remove curse
 j - a scroll of blinking {unknown}
 k - a scroll of enchant armour {unknown}
 o - 5 scrolls of fog
 p - 4 scrolls of teleportation
 q - a scroll of amnesia
 x - 2 scrolls of immolation
 A - a scroll of vulnerability {unknown}
 D - 2 scrolls of silence {unknown}
 E - a scroll of magic mapping {unknown}
 G - 2 scrolls of noise {unknown}
 V - 3 scrolls of identify
Potions
 g - 8 potions of curing
 l - 3 potions of degeneration
 v - 2 potions of resistance
 w - 4 potions of lignification
 F - 2 potions of brilliance
 H - 3 potions of mutation
 K - a potion of ambrosia
 O - a potion of agility
 U - a potion of berserk rage {unknown}
Miscellaneous
 M - a phial of floods
 P - a lightning rod (4/4)


   Skills:
 + Level 9.5 Fighting
 + Level 12.1 Short Blades
 - Level 2.0 Throwing
 + Level 11.0 Dodging
 + Level 15.6 Stealth
 + Level 8.0 Shields
 + Level 8.1 Invocations


You had 12 spell levels left.
You didn't know any spells.
Your spell library contained the following spells:

 Spells                   Type           Power        Failure   Level  Hunger
 Beastly Appendage        Tmut           #.....       83%         1    N/A
 Infusion                 Chrm           #...         83%         1    N/A
 Shock                    Conj/Air       #...         83%         1    N/A
 Sting                    Conj/Pois      #...         83%         1    N/A
 Poisonous Vapours        Pois/Air       #.....       93%         2    N/A
 Shroud of Golubria       Chrm/Tloc      #.....       93%         2    N/A
 Song of Slaying          Chrm           #.......     93%         2    N/A
 Sticks to Snakes         Tmut           #.......     93%         2    N/A
 Swiftness                Chrm/Air       #.......     93%         2    N/A
 Conjure Flame            Conj/Fire      #.......     99%         3    N/A
 Mephitic Cloud           Conj/Pois/Air  #.......     99%         3    N/A
 Regeneration             Chrm/Necr      #.........   99%         3    N/A
 Spectral Weapon          Hex/Chrm       #.......     99%         3    N/A
 Spider Form              Tmut/Pois      #.........   99%         3    N/A
 Static Discharge         Conj/Air       #.......     99%         3    N/A
 Airstrike                Air            #.........   100%        4    N/A
 Ice Form                 Ice/Tmut       #.......     100%        4    N/A
 Olgreb's Toxic Radiance  Pois           #.......     100%        4    N/A
 Blade Hands              Tmut           #.........   100%        5    N/A
 Lightning Bolt           Conj/Air       #.........   100%        5    N/A
 Venom Bolt               Conj/Pois      #.........   100%        5    N/A
 Freezing Cloud           Conj/Ice/Air   #.........   100%        6    N/A
 Ring of Flames           Chrm/Fire      #.........   100%        7    N/A

Dungeon Overview and Level Annotations

Branches:
Dungeon (10/15)            Temple (1/1) D:6            Lair (6/6) D:10
 Shoals (0/4) Lair:3       Spider (0/4) Lair:3        Slime (0/5) Lair:5
    Orc: D:9-12

Altars:
Ashenzari
Cheibriados
Dithmenos
Elyvilon
Fedhas
Gozag
Hepliaklqana
Kikubaaqudgha
Makhleb
Nemelex Xobeh
Okawaru
Qazlal
Ru
Sif Muna
Trog
Uskayaw
Vehumet
Wu Jian
Xom
Yredelemnul
Zin
The Shining One

Shops:
D:4 (==([

Annotations:
D:3 1 runed translucent door
D:4 2 transporters
D:8 3 runed translucent doors, exclusion: door, Rick's ghost, novice MiBe


Innate Abilities, Weirdness & Mutations

You do not eat.
You do not regenerate when monsters are visible.
You are frail without blood (-20% HP).
You are immune to poison.
You have razor-sharp teeth.
You have supernaturally acute eyesight. (SInv)
You can survive without breathing.


Message History

Your rime drake zombie bites the fire dragon.
You hit the fire dragon but do no damage.
The fire dragon is moderately wounded.
The fire dragon bites you!
* * * LOW HITPOINT WARNING * * *
The fire dragon claws you!
* * * LOW HITPOINT WARNING * * *
The fire dragon completely misses you.
Your yak zombie gores the fire dragon!
Okay, then.
Okay, then.
You enter the shallow water.
Moving in this stuff is going to be slow.
Your rime drake zombie bites the fire dragon but does no damage.
Your hell rat zombie barely misses the fire dragon.
Your yak zombie barely misses the fire dragon.
Your hell rat zombie barely misses the fire dragon.
The fire dragon breathes flames at you. The blast of flame hits you!!
You resist.
You die...
Yredelemnul claims you as an undead slave.

# #......#♣♣.... #
##......#♣..P≈≈ #
#......##♣.P≈.
####.....##♣.≈≈P
..#.......#♣Z≈≈♣
..........#♣≈≈≈♣♣♣♣
...†......#♣.VZZ♣.♣♣ ♣≈≈
..........#♣♣.ZD♣≈≈♣♣♣ ♣≈≈≈
........[## ♣♣..@.≈≈.♣♣ ♣≈≈.♣
..........# ♣♣♣...≈..♣♣ ♣≈....
#.........# ♣.♣....≈..♣♣♣.≈P.♣
#.........##♣♣..♣♣♣.♣≈.≈.≈.≈.♣
..#..†.....#♣.....♣♣♣≈.≈≈≈...♣
.#.†.......#♣♣♣♣P≈♣♣≈≈.P....♣♣
...##.......♣♣♣♣♣♣≈≈≈♣..♣..♣♣
... #.........≈♣..≈.♣♣...♣♣♣
.. #.......≈≈≈.≈≈....P.♣♣


You could see a fire dragon, a friendly vampire, a friendly basilisk zombie, a
friendly hell rat zombie, a friendly yak zombie and a friendly rime drake
zombie.

Vanquished Creatures
  Rupert (Lair:4)
  Nessos (Lair:5)
  The ghost of Tanusch the Thaumaturge, a journeyman GnAE of Vehumet (Lair:4)
  5 hydras
  A death yak (D:9)
  A two-headed ogre (D:10)
  A tengu warrior (D:10)
  An orb spider (Lair:3)
  4 black mambas
  An elephant (D:10)
  A rime drake (Lair:6)
  14 spiny frogs
  7 komodo dragons
  A polar bear (Lair:2)
  10 blink frogs
  A slime creature (Lair:5)
  A snapping turtle (Lair:3)
  6 dream sheep
  3 hippogriffs
  A vampire (D:10)
  A spriggan (Lair:2)
  6 wyverns
  5 basilisks
  2 wraiths (Lair:4)
  29 yaks
  A steam dragon (Lair:6)
  Edmund (D:4)
  Menkaure (D:7)
  An acid dragon (Lair:6)
  6 water moccasins
  3 ice beasts
  6 porcupines
  A sky beast (D:9)
  3 orc warriors
  2 black bears
  A swamp drake (Lair:6)
  6 ogres
  21 wolves
  3 phantoms
  11 crocodiles
  6 centaurs
  Blork the orc (D:4)
  11 bullfrogs
  A wyvern skeleton (D:9)
  6 killer bees
  10 wights
  2 howler monkeys (D:10)
  4 crimson imps
  A quasit (D:9)
  8 orc priests
  A centaur skeleton (D:9)
  6 jellies
  A hound (D:10)
  7 orc wizards
  4 iguanas
  A hell rat (Lair:6)
  9 worker ants
  A killer bee zombie (D:9)
  A howler monkey skeleton (D:6)
  6 river rats (Lair:6)
  11 adders
  2 shadow imps
  2 adder skeletons
  An adder zombie (D:9)
  5 dart slugs
  3 worms
  2 leopard geckos
  31 orcs
  2 ball pythons
  10 bats
  3 giant cockroaches
  12 goblins
  11 hobgoblins
  10 jackals
  3 quokkas
  6 frilled lizards
  3 kobolds
  A leopard gecko skeleton (D:4)
  A leopard gecko zombie (D:5)
  7 rats
385 creatures vanquished.

Vanquished Creatures (collateral kills)
  Josephine (Lair:4)
  A hydra (Lair:5)
  Sonja (Lair:1)
  A black mamba (Lair:4)
  A komodo dragon (Lair:3)
  A rime drake (Lair:6)
  2 dream sheep (Lair:3)
  A wraith (Lair:4)
  A wyvern (Lair:3)
  3 basilisks
  3 yaks
  2 acid dragons (Lair:6)
  2 water moccasins
  A porcupine (Lair:4)
  A wolf (Lair:1)
  3 crocodiles
  An iguana (Lair:6)
  A hell rat (Lair:6)
  A river rat (Lair:6)
  A rat (Lair:6)
  8 fungi
  11 plants
48 creatures vanquished.

Vanquished Creatures (others)
  A wraith (Lair:6)
  A spiny frog zombie (Lair:4)
  2 dream sheep zombies (Lair:3)
  A rime drake zombie (Lair:6)
  A komodo dragon zombie (Lair:3)
  A wyvern zombie (Lair:3)
  3 yak zombies
  2 wights
  2 basilisk zombies
  A porcupine zombie (Lair:3)
  A crocodile zombie (D:10)
  An acid dragon zombie (Lair:6)
  A crocodile skeleton (Lair:4)
  2 mummies
  3 ball lightnings (Lair:4)
  5 river rat zombies (Lair:6)
  11 fungi
  6 plants
  2 toadstools (D:10)
47 creatures vanquished.

Grand Total: 480 creatures vanquished

Notes
Turn   | Place    | Note
-------+----------+-------------------------------------------
     0 | D:1      | Krouwed the Vampire Assassin began the quest for the Orb.
     0 | D:1      | Reached XP level 1. HP: 16/16 MP: 1/1
    35 | D:1      | Reached skill level 6 in Stealth
    37 | D:1      | Reached XP level 2. HP: 20/22 MP: 2/2
   472 | D:2      | Reached XP level 3. HP: 27/27 MP: 3/3
   871 | D:2      | Found a radiant altar of Vehumet.
   879 | D:2      | Reached XP level 4. HP: 34/34 MP: 4/4
  1139 | D:3      | Found a white marble altar of Elyvilon.
  1151 | D:3      | Found a runed translucent door.
  1180 | D:3      | Noticed an angel
  1375 | D:3      | Reached XP level 5. HP: 29/39 MP: 5/5
  1384 | D:4      | Found a transporter.
  1384 | D:4      | Found a transporter.
  1424 | D:3      | Reached skill level 7 in Stealth
  1655 | D:4      | Noticed an ice beast
  1683 | D:4      | Killed an ice beast
  1683 | D:4      | Reached XP level 6. HP: 25/47 MP: 6/6
  1712 | D:4      | Found Jiplerche's Jewellery Shop.
  1947 | D:4      | You fall into a shaft and drop 2 floors!
  1997 | D:6      | Noticed a wyvern
  2006 | D:6      | Killed a wyvern
  2006 | D:6      | Reached skill level 5 in Short Blades
  2037 | D:6      | Reached XP level 7. HP: 52/52 MP: 7/7
  2209 | D:6      | Reached skill level 8 in Stealth
  2445 | D:6      | Found a staircase to the Ecumenical Temple.
  2590 | Temple   | Entered the Ecumenical Temple
  2714 | Temple   | Became a worshipper of Yredelemnul the Dark
  3255 | D:7      | Reached XP level 8. HP: 60/60 MP: 8/8
  3647 | D:7      | Reached skill level 9 in Stealth
  3735 | D:7      | Noticed Menkaure
  3742 | D:7      | Killed Menkaure
  3742 | D:7      | Reached skill level 5 in Dodging
  4055 | D:5      | Entered Level 5 of the Dungeon
  4155 | D:5      | Reached * piety under Yredelemnul
  4189 | D:5      | Found an ornate altar of the Wu Jian Council.
  4479 | D:5      | Reached skill level 5 in Fighting
  4619 | D:5      | Got a faintly glowing robe
  4630 | D:5      | Identified the +1 robe "Oniwnoh" {rN+} (You found it on
                  | level 5 of the Dungeon)
  4891 | D:4      | Found Detu's Antique Weapon Shoppe.
  4897 | D:4      | Found Rolit's Antique Armour Shop.
  4917 | D:4      | Bought a shield for 117 gold pieces
  4953 | D:4      | Noticed Edmund
  4958 | D:4      | Killed Edmund
  4958 | D:4      | Reached skill level 10 in Stealth
  4958 | D:4      | Reached skill level 1 in Invocations
  4958 | D:4      | Reached XP level 9. HP: 68/68 MP: 9/9
  5025 | D:4      | Noticed Blork the orc
  5030 | D:4      | Killed Blork the orc
  5080 | D:4      | Found Yhusahi's Jewellery Shoppe.
  5096 | D:4      | You fall into a shaft and drop 1 floor!
  5215 | D:4      | Found Kicsim's Antique Weapon Shop.
  5218 | D:4      | Bought a polished dagger for 210 gold pieces
  5218 | D:4      | Identified the +9 dagger "Xyn Ymo" {pierce, Int+6} (You
                  | bought it in a shop on level 4 of the Dungeon)
  5250 | D:4      | Found a sacrificial altar of Ru.
  5506 | D:8      | Found a shimmering altar of Xom.
  5509 | D:8      | Found a shimmering altar of Xom.
  5509 | D:8      | Found a shimmering altar of Xom.
  5510 | D:8      | Found a shimmering altar of Xom.
  5515 | D:8      | Found a shimmering altar of Xom.
  5515 | D:8      | Found a shimmering altar of Xom.
  5517 | D:8      | Found a shimmering altar of Xom.
  5537 | D:8      | Reached skill level 1 in Shields
  6088 | D:8      | Reached ** piety under Yredelemnul
  6209 | D:8      | Found a runed translucent gate.
  6213 | D:8      | Found a runed translucent gate.
  6213 | D:8      | Found a runed translucent gate.
  6215 | D:8      | Noticed Rick's ghost (novice MiBe)
  6215 | D:8      | Noticed a ten-headed hydra
  6558 | D:9      | Reached skill level 11 in Stealth
  6558 | D:9      | Reached XP level 10. HP: 30/76 MP: 12/12
  6905 | D:9      | Found an opulent altar of Gozag.
  6906 | D:9      | Found a sparkling altar of Nemelex Xobeh.
  7201 | D:9      | Reached skill level 10 in Short Blades
  7215 | D:9      | Reached *** piety under Yredelemnul
  7410 | D:10     | Entered Level 10 of the Dungeon
  7577 | D:10     | Noticed an elephant
  7593 | D:10     | Killed an elephant
  7625 | D:10     | Noticed a two-headed ogre
  7663 | D:10     | Killed a two-headed ogre
  7663 | D:10     | Reached skill level 12 in Stealth
  7855 | D:10     | Reached XP level 11. HP: 53/66 MP: 14/14
  7977 | D:10     | Noticed a death yak
  8061 | D:9      | Killed a death yak
  8193 | D:10     | Found a staircase to the Lair.
  8288 | D:10     | Noticed a tengu warrior
  8305 | D:10     | Killed a tengu warrior
  8305 | D:10     | Reached skill level 5 in Invocations
  8624 | Lair:1   | Entered Level 1 of the Lair of Beasts
  8647 | D:10     | Reached **** piety under Yredelemnul
  8716 | D:10     | Reached skill level 5 in Shields
  8817 | Lair:1   | Reached skill level 13 in Stealth
  9059 | Lair:1   | Noticed a four-headed hydra
  9060 | Lair:1   | Noticed Sonja
  9084 | Lair:1   | Killed a four-headed hydra
  9542 | Lair:1   | Killed Sonja
 10580 | Lair:2   | Reached XP level 12. HP: 66/73 MP: 16/16
 10599 | Lair:2   | Received a gift from Yredelemnul (a wight)
 11568 | Lair:2   | Reached skill level 14 in Stealth
 11798 | Lair:2   | Received a gift from Yredelemnul (a mummy)
 12673 | Lair:3   | Received a gift from Yredelemnul (a mummy)
 13081 | Lair:3   | Found a staircase to the Shoals.
 13293 | Lair:3   | Found a hole to the Spider Nest.
 13311 | Lair:3   | Reached skill level 10 in Dodging
 13545 | Lair:4   | Noticed Josephine
 13553 | Lair:4   | Received a gift from Yredelemnul (a wight)
 13568 | Lair:4   | Killed Josephine
 13795 | Lair:4   | Noticed a six-headed hydra
 13798 | Lair:4   | Noticed an eight-headed hydra
 14182 | Lair:3   | Killed an eight-headed hydra
 14453 | Lair:3   | Killed a six-headed hydra
 15108 | Lair:4   | Reached XP level 13. HP: 80/80 MP: 18/18
 15499 | Lair:4   | Noticed Rupert
 15506 | Lair:4   | Killed Rupert
 15506 | Lair:4   | Reached skill level 15 in Stealth
 15588 | Lair:4   | Found a large runed translucent door.
 15588 | Lair:4   | Found a large runed translucent door.
 15592 | Lair:4   | Noticed Tanusch's ghost (journeyman GnAE)
 15706 | Lair:4   | Got a smoking shield
 15721 | Lair:4   | Identified the cursed -7 shield of Pride {+Blink +Inv rF+
                  | Str-2} (You found it on level 4 of the Lair of Beasts)
 15969 | Lair:4   | Killed Tanusch's ghost
 16189 | Lair:5   | Noticed Nessos
 16205 | Lair:5   | HP: 3/80 [Nessos/arrow (6)]
 16206 | Lair:5   | Killed Nessos
 16590 | Lair:5   | Received a gift from Yredelemnul (a vampire)
 16693 | Lair:5   | Found a staircase to the Slime Pits.
 17329 | Lair:6   | Entered Level 6 of the Lair of Beasts
 17665 | Lair:6   | Reached ***** piety under Yredelemnul
 17665 | Lair:6   | Received a gift from Yredelemnul (a wraith)
 17814 | Lair:6   | Noticed a fire dragon
 17829 | Lair:6   | Killed from afar by a fire dragon

Levels and vault maps discovered:
D:1:      psy_arrival_dodecagon, layout_rooms
D:2:      layout_loops_cross, fiery_altar_vehumet
D:3:      layout_basic, first_ration, serial_bayou_pond_e, lemuel_angel_altar
D:4:      gammafunk_steamed_eel, layout_gridville,
          lemuel_coloured_pillars_altar, serial_shops, shop, shop, shop,
          nicolae_shop_overgrown_old_shop, kennysheep_mini, uniq_edmund,
          uniq_blork_the_orc
D:5:      layout_basic, lemuel_round_altar, serial_rivers,
          chequers_serial_rivers_micro_d, chequers_serial_rivers_micro_d,
          chequers_serial_rivers_micro_b, chequers_serial_rivers_room_b,
          chequers_serial_rivers_large_a, hangedman_decor_lopped,
          minmay_misc_feat_nine_boxes
D:6:      layout_loops_ring, minmay_temple_entry_large_hall
D:7:      layout_cave_pods, hangedman_decor_diamond_cutter, uniq_menkaure
D:8:      layout_loops_corners, nicolae_xom_altar_mimics,
          gammafunk_ghost_hydra_chop
D:9:      layout_loops_ring, grunt_temple_overflow_opulence
D:10:     layout_basic, david_lair_generic, grunt_tengu_nest,
          minmay_gold_behind_fungi
Temple:   compressed_dpeg_circular_temple
Lair:1:   layout_cave_pods, grunt_megastairs_5, uniq_sonja
Lair:2:   layout_loops_ring, forest_entry_grove
Lair:3:   layout_regular_city, minmay_shoals_entry_hut,
          nicolae_spider_entry_orb_guardian
Lair:4:   cheibrodos_lair_river_kwai, layout_gridlike,
          ebering_ghost_disaster_area, uniq_josephine, uniq_rupert
Lair:5:   layout_hall_layers, minmay_slime_entry_pillars, uniq_nessos
Lair:6:   hangedman_lair_in_review, layout_hall_layers,
          guppyfry_lair_end_dragon, kennysheep_rathole

Skill      XL: |  1  2  3  4  5  6  7  8  9 10 11 12 13 |
---------------+----------------------------------------+-----
Stealth        | 6 7 8 10 11 12 13 14 15 | 15.6
Fighting       | 2 3 4 5 6 7 8 9 |  9.5
Throwing       | 2 |  2.0
Dodging        | 2 3 4 5 6 7 9 10 11 | 11.0
Short Blades   | 3 4 5 6 8 9 10 11 12 | 12.1
Invocations    | 1 3 4 6 7 8 |  8.1
Shields        | 2 4 5 7 8 |  8.0

Action                   |  1- 3 |  4- 6 |  7- 9 | 10-12 | 13-15 || total
-------------------------+-------+-------+-------+-------+-------++-------
Melee: Dagger            |    79 |   145 |   420 |   540 |       ||  1184
       Bite              |     4 |     7 |    49 |   137 |    25 ||   222
       Short sword       |       |       |       |   315 |       ||   315
       Rapier            |       |       |       |     8 |   183 ||   191
Throw: Dart              |     4 |    12 |    46 |    73 |       ||   135
Invok: Animate Dead      |       |       |       |     9 |    12 ||    21
       Drain Life        |       |       |       |     1 |     5 ||     6
       Recall Undead Sla |       |       |       |     1 |     1 ||     2
 Abil: Exsanguinate      |       |       |     1 |     2 |       ||     3
       Revivify          |       |       |     1 |     2 |       ||     3
       End Transformatio |       |       |       |     1 |       ||     1
       Bat Form          |       |       |       |     1 |       ||     1
Evoke: Wand              |       |       |       |     8 |     1 ||     9
       Lightning rod     |       |       |       |     1 |     1 ||     2
  Use: Scroll            |       |     3 |     2 |    15 |     4 ||    24
       Potion            |       |     1 |     1 |     3 |       ||     5
 Stab: Sleeping          |     8 |     7 |    27 |    21 |    16 ||    79
       Distracted        |       |       |     1 |     3 |     6 ||    10
       Invisible         |       |       |       |     2 |       ||     2
Armor: Robe              |    18 |    39 |     3 |    46 |     1 ||   107
       Leather armour    |       |       |    22 |    10 |       ||    32
       Ring mail         |       |       |       |       |    18 ||    18
Dodge: Dodged            |    44 |    94 |   122 |   330 |    91 ||   681
Block: Other             |       |     5 |    20 |       |       ||    25
       Reflection        |       |       |     4 |     5 |     2 ||    11
       Shield            |       |       |    32 |   403 |    99 ||   534

Table legend:
 A = Non-vault XP
 B = Vault XP
 C = Vault XP percentage of total XP
 D = Non-vault monster count
 E = Vault monster count
 F = Vault count percentage of total count
                 A         B        C        D         E       F
            +---------+---------+-------+---------+---------+-------
      Total |   38740 |   17225 |  30.8 |     354 |      60 |  14.5
            +---------+---------+-------+---------+---------+-------
        D:1 |      40 |       0 |   0.0 |      22 |       0 |   0.0
        D:2 |      63 |       0 |   0.0 |      18 |       0 |   0.0
        D:3 |     183 |       0 |   0.0 |      33 |       0 |   0.0
        D:4 |     318 |     271 |  46.0 |      17 |       2 |  10.5
        D:5 |     652 |       0 |   0.0 |      19 |       0 |   0.0
        D:6 |     790 |       0 |   0.0 |      17 |       0 |   0.0
        D:7 |     607 |     169 |  21.8 |      14 |       1 |   6.7
        D:8 |    1483 |       0 |   0.0 |      27 |       0 |   0.0
        D:9 |    3484 |     896 |  20.5 |      41 |       1 |   2.4
       D:10 |    4294 |    1639 |  27.6 |      28 |       4 |  12.5
     Lair:1 |    5364 |    1002 |  15.7 |      24 |       2 |   7.7
     Lair:2 |    4805 |    1064 |  18.1 |      23 |       7 |  23.3
     Lair:3 |    6826 |     888 |  11.5 |      31 |       2 |   6.1
     Lair:4 |    2880 |    7835 |  73.1 |      10 |      11 |  52.4
     Lair:5 |    4204 |    1284 |  23.4 |      18 |       5 |  21.7
     Lair:6 |    2747 |    2177 |  44.2 |      12 |      25 |  67.6
            +---------+---------+-------+---------+---------+-------
